 Dungeon Crawl Stone Soup version 0.27-a0-46-g34d46f0a3f (webtiles) character file.

Game seed: 7355380829987652660

518 belegose the Ducker (level 7, -3/52 HPs)
             Began as a Merfolk Transmuter on Jan 6, 2021.
             Slain by an orc warrior
             ... wielding a +0 long sword
              (13 damage)
             ... on level 4 of the Dungeon.
             The game lasted 00:17:42 (6991 turns).

belegose the Ducker (Merfolk Transmuter)            Turns: 6991, Time: 00:17:43

Health: -3/52      AC:  3    Str: 12    XL:     7   Next: 21%
Magic:  11/11      EV: 15    Int: 12    God:
Gold:   195        SH:  5    Dex: 15    Spells: 8/12 levels left

rFire    . . .     SeeInvis .   t - +0 trident
rCold    . . .     Faith    .   (no shield)
rNeg     . . .     Spirit   .   a - +0 robe
rPois    .         Reflect  +   (no helmet)
rElec    .         Harm     .   (no cloak)
rCorr    .         Rampage  .   z - +0 pair of gloves
Will     .....                  (no boots)
Stlth    ++........             v - amulet of reflection
HPRegen  0.17/turn              (no ring)
MPRegen  0.12/turn              (no ring)

@: no status effects
A: change form in water, swift swim, stealthy swim
a: no special abilities


You were on level 4 of the Dungeon.
You visited 1 branch of the dungeon, and saw 5 of its levels.

You collected 195 gold pieces.

Inventory:

Hand Weapons
 t - a +0 trident (weapon)
Missiles
 b - 124 stones
 s - 2 boomerangs
Armour
 a - a +0 robe (worn)
 g - a +0 ring mail
 y - a +0 leather armour
 z - a +0 pair of gloves (worn)
Jewellery
 v - an amulet of reflection (around neck)
Scrolls
 d - 5 scrolls of identify
 f - 2 scrolls of magic mapping {unknown}
 i - a scroll of remove curse {unknown}
 j - 2 scrolls of enchant weapon {unknown}
 l - 2 scrolls of blinking {unknown}
 n - a scroll of enchant armour {unknown}
 o - a scroll of immolation {unknown}
 p - a scroll of amnesia {unknown}
 q - 4 scrolls of fear {unknown}
Potions
 c - a potion of curing {unknown}
 e - a potion of invisibility {unknown}
 h - a potion of attraction {unknown}
 k - a potion of flight {unknown}
 m - 4 potions of mutation {unknown}
 r - a potion of might
 u - a potion of brilliance {unknown}
 w - a potion of heal wounds {unknown}
 x - a potion of lignification {unknown}


   Skills:
 + Level 3.6 Fighting
 + Level 4.9 Dodging
 + Level 1.4 Stealth
 + Level 4.8 Unarmed Combat
 - Level 3.3 Spellcasting
 - Level 4.7 Transmutations
 + Level 1.1 Poison Magic


You had 8 spell levels left.
You knew the following spells:

 Your Spells              Type           Power        Failure   Level
a - Beastly Appendage     Tmut           26%          3%          1
b - Spider Form           Tmut/Pois      4%           22%         3

Your spell library contained the following spells:

 Spells                   Type           Power        Failure   Level
 Wereblood                Tmut           13%          4%          2
 Ice Form                 Ice/Tmut       7%           65%         4
 Blade Hands              Tmut           6%           67%         5


Dungeon Overview and Level Annotations

Branches:
Dungeon (5/15)
 Temple: D:4-7

Altars:
Elyvilon
Ru

Shops:
D:4 (

Annotations:
D:4 3 runed translucent doors, exclusion: 3 doors, Snikeer's ghost, amateur DrTm


Message History

Reach: t) +0 trident
Press: ? - help, Dir - move target, f/p - orc warrior
Aim: an orc warrior, wielding a +0 long sword and wearing a +0 chain mail (severely wounded)
You reach to attack!
You barely miss the orc warrior.
The orc warrior is severely wounded.
Your legs become a tail as you enter the water.
Reach: t) +0 trident
Press: ? - help, Dir - move target, f/p - orc warrior
Aim: an orc warrior, wielding a +0 long sword and wearing a +0 chain mail (severely wounded)
You reach to attack!
You hit the orc warrior.
The orc warrior is severely wounded.
The orc warrior hits you with a +0 long sword!
* * * LOW HITPOINT WARNING * * *
Reach: t) +0 trident
Press: ? - help, Dir - move target, f/p - orc warrior
Aim: an orc warrior, wielding a +0 long sword and wearing a +0 chain mail (severely wounded)
You reach to attack!
You hit the orc warrior.
The orc warrior is almost dead.
The orc warrior hits you with a +0 long sword!
You die...

### #.# #.# #### #.#
...#######
#.################
.........#
#o..........≈.....
##'####..#
#@##########≈#####
.....###.# #.#
#≈≈..##
....####.#######.###
#.≈≈..#
...###.#.#..≈≈≈≈≈≈≈#
#.≈...#
†.###..#.#.....≈..##
#.≈.>.#
.###...'†#.....≈..#
#.≈≈>.#
###....#.#......≈.#
#.≈≈...
.#.....#.#........#
#..≈≈.#
.#....##.#........#
#..≈≈≈#


You could see an orc warrior.

Vanquished Creatures
  2 hounds (D:4)
  4 orc wizards
  3 orc priests
  An iguana (D:3)
  Terence (D:2)
  A worker ant (D:4)
  7 adders
  2 oozes
  3 worms
  4 dart slugs
  2 leopard geckos (D:4)
  12 orcs
  3 ball pythons
  5 bats
  4 giant cockroaches
  11 goblins
  6 hobgoblins
  3 jackals (D:4)
  3 kobolds
  2 quokkas
  3 frilled lizards
  A jackal skeleton (D:4)
  2 leopard gecko skeletons (D:4)
  8 rats
93 creatures vanquished.

Notes
Turn   | Place    | Note
-------+----------+-------------------------------------------
     0 | D:1      | belegose the Merfolk Transmuter began the quest for the
                  | Orb.
     0 | D:1      | Reached XP level 1. HP: 15/15 MP: 3/3
   132 | D:1      | Reached XP level 2. HP: 18/21 MP: 3/5
   430 | D:1      | Reached XP level 3. HP: 21/26 MP: 6/6
  1000 | D:2      | Noticed Terence
  1373 | D:2      | Reached XP level 4. HP: 26/33 MP: 7/7
  1683 | D:2      | Found a sacrificial altar of Ru.
  2794 | D:2      | Reached XP level 5. HP: 37/39 MP: 7/9
  4392 | D:2      | Killed Terence
  4393 | D:2      | Reached XP level 6. HP: 42/46 MP: 8/10
  4932 | D:3      | Learned a level 3 spell: Spider Form
  5006 | D:4      | Found Fumoyleu's Weapon Boutique.
  5088 | D:5      | Entered Level 5 of the Dungeon
  5390 | D:4      | Found a runed translucent gate.
  5390 | D:4      | Found a runed translucent gate.
  5390 | D:4      | Found a runed translucent gate.
  5393 | D:4      | Noticed Snikeer's ghost (amateur DrTm)
  5579 | D:4      | Reached skill level 1 in Stealth
  5579 | D:4      | Reached XP level 7. HP: 39/52 MP: 11/11
  5867 | D:4      | Found a white marble altar of Elyvilon.
  5939 | D:4      | Reached skill level 1 in Poison Magic
  6991 | D:4      | Slain by an orc warrior

Illustrated notes

Levels and vault maps discovered:
D:1:      matt_arrival_refuge, layout_basic, minmay_close_crescents
D:2:      layout_loops_ring, overflow_temple_1_default,
          hangedman_abyss_or_decor_stabs, uniq_terence
D:3:      layout_loops_corners
D:4:      layout_basic, lemuel_coloured_pillars_altar,
          gammafunk_ghost_nasty_kobolds, serial_rivers,
          chequers_serial_rivers_small_b, chequers_serial_rivers_micro_d,
          chequers_serial_rivers_micro_c, chequers_serial_rivers_large_a,
          chequers_serial_rivers_micro_e, chequers_serial_rivers_small_a,
          serial_shops, shop, minmay_quadrilaterals
D:5:      layout_layer_cave, nicolae_qazlal_general_emergency,
          grunt_gozag_breadcrumbs, minmay_temple_entry_hall, uniq_pikel

Skill      XL: |  1  2  3  4  5  6  7 |
---------------+----------------------+-----
Transmutations | 3 4 |  4.7
Dodging        | 3 4 |  4.9
Fighting       | 2 3 |  3.6
Unarmed Combat | 4 |  4.8
Spellcasting   | 3 |  3.3
Stealth        | 1 |  1.4
Poison Magic   | 1 |  1.1

Action                   |  1- 3 |  4- 6 |  7- 9 || total
-------------------------+-------+-------+-------++-------
Melee: Unarmed           |    90 |   222 |    58 ||   370
       Headbutt          |    15 |    43 |    10 ||    68
       Punch             |       |     7 |       ||     7
       Tailslap          |       |     2 |     5 ||     7
       Trident           |       |       |    14 ||    14
 Cast: Beastly Appendage |    21 |    46 |     8 ||    75
  Use: Scroll            |       |     1 |       ||     1
 Stab: Sleeping          |       |     1 |       ||     1
Armor: Robe              |    19 |    15 |     2 ||    36
Dodge: Dodged            |    59 |   118 |    23 ||   200
Block: Other             |       |    17 |    11 ||    28

Table legend: (Time is in decaauts)
 A = Elapsed time spent in this place.
 B = Non-inter-level travel time spent in this place.
 C = Inter-level travel time spent in this place.
 D = Time resting spent in this place.
 E = Time spent auto-exploring this place.
 F = Levels seen in this place.
 G = Mean time per level.
                   A        B        C        D        E       F      G
               +--------+--------+--------+--------+--------+-----+--------+
         Total |   6955 |   6549 |    406 |   2717 |   2158 |   5 | 1391.0 |
       Dungeon |   6955 |   6549 |    406 |   2717 |   2158 |   5 | 1391.0 |
               +--------+--------+--------+--------+--------+-----+--------+

Top non-repeatable levels by time:
     D:3: 2246 daAuts
     D:4: 1780 daAuts
     D:2: 1778 daAuts
     D:1: 1062 daAuts
     D:5: 88 daAuts
